 Dungeon Crawl Stone Soup version 0.22.1-2-g9c5b331383 (webtiles) character file.

1251 irve1thefoxy the Protected (level 8, -6/109 HPs)
             Began as a Minotaur Berserker on Jan 2, 2019.
             Was an Elder of Trog.
             Mangled by a gnoll
             ... wielding a +0 flail
              (8 damage)
             ... on level 5 of the Dungeon.
             The game lasted 00:25:42 (3626 turns).

irve1thefoxy the Protected (Minotaur Berserker)     Turns: 3626, Time: 00:25:42

Health: -6/109     AC:  6    Str: 29    XL:     8   Next: 26%
Magic:  6/6        EV:  7    Int:  7    God:    Trog [****..]
Gold:   290        SH:  0    Dex: 10    Spells: 7/7 levels left

rFire    . . .     SeeInvis .   g - +4 whip (elec)
rCold    . . .     Gourm    .   (no shield)
rNeg     . . .     Faith    .   d - +1 ring mail
rPois    .         Spirit   .   (helmet restricted)
rElec    .         Reflect  .   (no cloak)
rCorr    .         Harm     .   q - +0 pair of gloves
MR       ++...                  (no boots)
Stlth    ..........             u - amulet of rage
HPRegen  1.28/turn              i - +3 ring of intelligence
MPRegen  0.10/turn              (no ring)

@: berserking, held, regenerating, very quick
A: retaliatory headbutt, horns 2, deformed body, low mp 1, robust 1, wild magic
1
a: Berserk, Trog's Hand, Brothers in Arms, Renounce Religion, Evoke Berserk Rage


You were on level 5 of the Dungeon.
You worshipped Trog.
Trog was greatly pleased with you.
You were not hungry.

You visited 1 branch of the dungeon, and saw 5 of its levels.

You collected 290 gold pieces.

Inventory:

Hand Weapons
 a - a +0 hand axe
 g - a +4 whip of electrocution (weapon)
 m - a +0 scythe
 p - a +0 flail of protection
Missiles
 j - 95 stones (quivered)
Armour
 b - a +0 animal skin
 d - a +1 ring mail (worn)
 q - a +0 pair of gloves (worn)
 y - the +2 leather armour "Akhluid" {+Fly Dex+2, unknown}
   (You found it on level 4 of the Dungeon)

   It affects your dexterity (+2).
   It lets you fly.
Jewellery
 i - a +3 ring of intelligence (left hand)
 u - an amulet of rage (around neck)
Wands
 k - a wand of scattershot (6)
 t - a wand of polymorph (17)
Scrolls
 e - 2 scrolls of teleportation
 f - a scroll of remove curse
 h - 5 scrolls of identify
 l - a scroll of fear
 n - 2 scrolls of immolation
 r - a scroll of magic mapping
 w - a scroll of fog
Potions
 o - a potion of lignification
 v - a potion of flight
Comestibles
 c - 10 rations


   Skills:
 - Level 4.3 Fighting
 - Level 4.4(4.7) Axes
 * Level 2.3(3.7) Maces & Flails
 - Level 0.2 Throwing
 + Level 8.2 Armour
 + Level 7.3 Dodging
 - Level 0.3 Stealth


You had 7 spell levels left.
You didn't know any spells.
Your spell library was empty.

Dungeon Overview and Level Annotations

Branches:
Dungeon (5/15)
 Temple: D:4-7

Altars:
Makhleb
Okawaru
Qazlal
Trog
Zin


Innate Abilities, Weirdness & Mutations

You reflexively headbutt those who attack you in melee.
You have a pair of horns on your head.
Armour fits poorly on your strangely shaped body.
Your magical capacity is low. (-10% MP)
You are robust. (+10% HP)
Your spells are a little harder to cast, but a little more powerful.


Message History

a throwing net; a gnoll corpse You struggle against the net.
The gnoll hits you with a flail.
You don't know any spells.
Your skin crawls.
You feel resistant to hostile enchantments.
You feel somewhat more hungry.
The gnoll hits you from afar with a halberd.
You struggle against the net.
You feel the effects of Trog's Hand fading.
The gnoll barely misses you.
The gnoll hits you from afar with a halberd!
* * * LOW HITPOINT WARNING * * *
You struggle against the net.
The gnoll hits you with a flail.
* * * LOW HITPOINT WARNING * * *
The gnoll hits you from afar with a halberd!
* * * LOW HITPOINT WARNING * * *
A red film seems to cover your vision as you go berserk!
You feel yourself moving faster!
You feel mighty!
You feel a lot more hungry. The gnoll hits you with a flail!
You die...

#....# ....... #....#
....... #....# .......
#....# .....g. ######....#
....... #.........#
....... #.......###
.......#####.....).#######
#.gg@................
##g####.......####### #l#
#.......# #.# #.......#
#.# #.......# #..
#.......# ##. #.......####
. #..........#
#####......#


You could see 3 gnolls.

Vanquished Creatures
  Grinder (D:4)
  Sigmund (D:3)
  Duvessa (D:4)
  A phantom (D:4)
  A gnoll sergeant (D:5)
  Dowan (D:4)
  A scorpion (D:4)
  A howler monkey (D:4)
  A jelly (D:4)
  2 hounds (D:4)
  A bullfrog skeleton (D:4)
  2 orc wizards (D:5)
  An orc priest (D:3)
  Terence (D:3)
  An iguana (D:4)
  A worker ant (D:4)
  2 hound skeletons (D:4)
  8 adders
  2 gnolls (D:5)
  An adder skeleton (D:4)
  2 worms
  A dart slug (D:1)
  4 leopard geckos
  10 orcs
  3 ball pythons
  10 bats
  6 giant cockroaches
  11 goblins
  3 hobgoblins (D:1)
  4 jackals (D:3)
  14 kobolds
  7 frilled lizards
  A quokka skeleton (D:4)
  2 rats (D:1)
109 creatures vanquished.

Notes
Turn   | Place    | Note
-------+----------+-------------------------------------------
     0 | D:1      | irve1thefoxy the Minotaur Berserker began the quest for the
                  | Orb.
     0 | D:1      | Reached XP level 1. HP: 19/19 MP: 0/0
   105 | D:1      | Reached XP level 2. HP: 11/27 MP: 1/1
   954 | D:2      | Reached ** piety under Trog
   954 | D:2      | Reached XP level 3. HP: 33/33 MP: 2/2
  1042 | D:2      | Gained mutation: Armour fits poorly on your strangely
                  | shaped body. [potion of mutation]
  1042 | D:2      | Gained mutation: Your magical capacity is low. (-10% MP)
                  | [potion of mutation]
  1042 | D:2      | Gained mutation: You are robust. (+10% HP) [potion of
                  | mutation]
  1042 | D:2      | Gained mutation: Your spells are a little harder to cast,
                  | but a little more powerful. [potion of mutation]
  1126 | D:2      | Reached skill level 3 in Armour
  1325 | D:2      | Reached XP level 4. HP: 42/45 MP: 2/2
  1810 | D:3      | Found a bloodstained altar of Trog.
  1879 | D:3      | Noticed Sigmund
  1896 | D:3      | Killed Sigmund
  1896 | D:3      | Reached skill level 4 in Armour
  1896 | D:3      | Reached XP level 5. HP: 18/51 MP: 3/3
  1922 | D:3      | Noticed Terence
  1975 | D:3      | Killed Terence
  1975 | D:3      | Reached XP level 6. HP: 28/58 MP: 4/4
  2073 | D:3      | Noticed a fire elemental
  2075 | D:3      | Found a stormy altar of Qazlal.
  2090 | D:3      | Reached skill level 5 in Armour
  2090 | D:3      | Reached skill level 5 in Dodging
  2115 | D:3      | Noticed an air elemental
  2115 | D:3      | Noticed a water elemental
  2126 | D:3      | Reached *** piety under Trog
  2645 | D:4      | Noticed Grinder
  2654 | D:4      | Killed Grinder
  2654 | D:4      | Reached skill level 6 in Armour
  2654 | D:4      | Reached XP level 7. HP: 59/66 MP: 5/5
  2791 | D:4      | Noticed Duvessa
  2792 | D:4      | Noticed Dowan
  2797 | D:4      | Killed Duvessa
  2805 | D:4      | Killed Dowan
  2805 | D:4      | Reached skill level 7 in Armour
  2919 | D:4      | Found a glowing silver altar of Zin.
  2919 | D:4      | Found a burning altar of Makhleb.
  2920 | D:4      | Noticed a blizzard demon
  2920 | D:4      | Noticed an angel
  3129 | D:4      | Reached XP level 8. HP: 62/73 MP: 6/6
  3153 | D:4      | Got a jet-studded leather armour
  3155 | D:4      | Found an iron altar of Okawaru.
  3242 | D:4      | Reached skill level 8 in Armour
  3488 | D:5      | Entered Level 5 of the Dungeon
  3580 | D:5      | Reached skill level 1 in Maces & Flails
  3593 | D:5      | Reached **** piety under Trog
  3625 | D:5      | HP: 1/73 [gnoll/halberd (13)]
  3626 | D:5      | Mangled by a gnoll

Skill      XL: |  1  2  3  4  5  6  7  8 |
---------------+-------------------------+-----
Fighting       | 4 |  4.3
Axes           | 4 |  4.4
Armour         | 3 4 6 7 8 |  8.2
Dodging        | 3 4 5 7 |  7.3
Maces & Flails | 2 |  2.3
Throwing       | |  0.2
Stealth        | |  0.3

Action                   |  1- 3 |  4- 6 |  7- 9 || total
-------------------------+-------+-------+-------++-------
Melee: Hand axe          |    16 |       |       ||    16
       Headbutt          |     7 |    11 |    12 ||    30
       Whip              |    49 |    77 |    83 ||   209
Throw: Stone             |       |     6 |       ||     6
Invok: Berserk           |       |       |     1 ||     1
       Trog's Hand       |       |       |     1 ||     1
  Use: Scroll            |     9 |     8 |     2 ||    19
       Potion            |     6 |     4 |     2 ||    12
  Eat: Chunk             |     1 |     1 |     2 ||     4
       Ration            |       |     1 |     1 ||     2
Armor: Animal skin       |     7 |       |       ||     7
       Ring mail         |    22 |    22 |    22 ||    66
Dodge: Dodged            |    53 |    72 |    54 ||   179
